 Dungeon Crawl Stone Soup version 0.30-a0-739-gea05faddec (webtiles) character file.

Game seed: 5150384015270407994

272 Angani the Firebug (level 6, -3/36 (45) HPs)
             Began as a Meteoran Fire Elementalist on Feb 5, 2023.
             Was a Believer of Makhleb.
             Slain by Pikel
             ... wielding a +1 whip of freezing
              (6 damage)
             ... on level 4 of the Dungeon.
             The game lasted 00:08:16 (1164 turns).

Angani the Firebug (Meteoran Fire Elementalist)     Turns: 1164, Time: 00:08:17

HP:   -3/36 (45)    AC:  3    Str:  6    XL:     6   Next: 77%
MP:   13/23         EV: 12    Int: 20    God:    Makhleb [**....]
Gold: 167           SH:  0    Dex: 14    Spells: 12/15 levels left

rFire   . . .      SeeInvis +    l - +1 whip "Ryjaul" {protect, rC+ Will+++ Str-3 SInv}
rCold   + . .      Faith    .    (no shield)
rNeg    . . .      Spirit   .    a - +0 robe
rPois   .          Reflect  .    (no helmet)
rElec   .          Harm     .    e - +0 cloak
rCorr   .          Rampage  .    (no gloves)
Will    +++..                    (no boots)
Stlth   +                        (no amulet)
HPRegen 0.26/turn                f - ring of magical power
MPRegen 0.18/turn                (no ring)

@: attractive, glowing, heavily drained
A: sense surroundings 1, otherworldly, glowing, explore regen
a: Renounce Religion, Minor Destruction


You were on level 4 of the Dungeon.
You worshipped Makhleb.
Makhleb was pleased with you.
You visited 1 branch of the dungeon, and saw 4 of its levels.

You collected 167 gold pieces.

Inventory:

Hand Weapons
 l - the +1 whip "Ryjaul" (weapon) {protect, rC+ Will+++ Str-3 SInv}
   (You took it off an orc on level 3 of the Dungeon)

   Str:       It affects your strength (-3).
   rC:        It protects you from cold.
   SInv:      It lets you see invisible.
   Will:      It greatly increases your willpower.
Armour
 a - a +0 robe (worn)
 e - a +0 cloak (worn)
Jewellery
 f - a ring of magical power (left hand)
Wands
 k - a wand of charming (7)
Scrolls
 g - a scroll of magic mapping
 j - a scroll of amnesia
 n - a scroll of silence {unknown}
Potions
 b - a potion of magic
 h - a potion of mutation {unknown}


   Skills:
 - Level 2.4 Dodging
 - Level 1.4 Stealth
 + Level 5.0 Spellcasting
 + Level 4.2 Conjurations
 + Level 5.5 Fire Magic


You had 12 spell levels left.
You knew the following spells:

 Your Spells              Type           Power      Damage    Failure   Level
a - Foxfire               Conj/Fire      96%        2x1d8     1%          1
b - Scorch                Fire           54%        2d7       1%          2

Your spell library contained the following spells:

 Spells                   Type           Power      Damage    Failure   Level
 Kiss of Death            Conj/Necr      52%        2d9       4%          1
 Inner Flame              Hex/Fire       16%        N/A       11%         3
 Kindle Blastsparks       Fire/Tloc/Air  24%        2d12      16%         3
 Flame Wave               Conj/Fire      24%        2d8       16%         4
 Blink                    Tloc           10%        N/A       17%         2
 Fulminant Prism          Conj/Hex       6%         3d7       43%         4
 Iskenderun's Mystic Bla  Conj/Tloc      13%        2d5       43%         4
 Manifold Assault         Tloc           5%         N/A       75%         4
 Lee's Rapid Deconstruct  Erth           2%         3d5*      97%         5
 Storm Form               Tmut/Air       2%         N/A       100%        7


Dungeon Overview and Level Annotations

Branches:
Dungeon (4/15) Zot: 1236
 Temple: D:4-7

Altars:
Dithmenos
Makhleb

Annotations:
D:4 Pikel


Innate Abilities, Weirdness & Mutations

You passively map a small area around you.
You are easily found by Zot.
You glow in the dark.
You regain HP and MP as you explore.


Message History

Flames lash the goblin.
You kill the goblin!
Makhleb accepts your kill.
You feel better.
The orc hits you with a +2 flail of draining.
You feel drained. Pikel barely misses you.
The orc hits you with a +2 flail of draining!
* * * LOW HITPOINT WARNING * * *
You feel drained.
* * * LOW HITPOINT WARNING * * *
Okay, then.
Unknown command.
It was a potion of curing.
You feel better. Pikel barely misses you. The orc barely misses you.
You feel better.
Pikel hits you with a +1 whip of freezing!
* * * LOW HITPOINT WARNING * * *
Pikel freezes you.
* * * LOW HITPOINT WARNING * * *
The orc closely misses you.
Casting: Scorch (safe; 1% risk of failure)
Press: ? - help, Q - select action, (/) - cycle Dir - look around, f - activate Look: Pikel, wielding a +1 whip of freezing and wearing a +0 robe (lightly wounded, more vulnerable to fire)
Okay, then.
Casting: Scorch (safe; 1% risk of failure)
Confirm with . or Enter, or press ? or * to list all spells.
You don't know that spell.
As you read the scroll labelled GETEHA IJOH, it crumbles to dust.
You hear a loud clanging noise!
It was a scroll of noise.
You hear a shout!
You hear a bark!
You hear a shout! x2; You hear a bark!
You hear a shout!
You hear an angry hiss.
Pikel hits you with a +1 whip of freezing.
* * * LOW HITPOINT WARNING * * *
The orc barely misses you.
It was a potion of attraction.
You feel attractive to monsters. The orc hits you but does no damage.
You feel drained.
Pikel hits you with a +1 whip of freezing.
You die...

, , , , * , + , *,
** * , , , # ,* *
########.#. ,
#.......... * ,
######........# , ,
, .......K@.....# ,
.......o#####.# , ,
##....#)# * * ,,,
#....#.###.>.......
*
#####....#........#*
#....#.........
#....#.....<....
#....#....>....## *
* * ##'###..K)..##..


You could see Pikel (combustible) and an orc.

Vanquished Creatures
  An ogre (D:4)
  The ghost of ma3 the Slasher, an amateur DgGl (D:3)
  An orc wizard (D:4)
  2 adders (D:2)
  A worm (D:3)
  A dart slug (D:3)
  12 orcs
  2 endoplasms
  3 giant cockroaches
  2 goblins
  6 jackals
  A quokka (D:3)
  A ball python (D:3)
  2 bats
  2 frilled lizards (D:3)
  4 kobolds
  2 rats
44 creatures vanquished.

Vanquished Creatures (others)
  24 foxfires
24 creatures vanquished.

Grand Total: 68 creatures vanquished

Notes
Turn   | Place    | Note
-------+----------+-------------------------------------------
     0 | D:1      | Angani the Meteoran Fire Elementalist began the quest for
                  | the Orb.
     0 | D:1      | Reached XP level 1. HP: 14/14 MP: 5/5
   131 | D:1      | Found a faded altar of an unknown god.
   139 | D:1      | Got Plato's Writings on Iniquitous Spells
   140 | D:1      | Prayed at the altar of an unknown god.
   140 | D:1      | Became a worshipper of Makhleb the Destroyer
   140 | D:1      | Reached * piety under Makhleb
   299 | D:2      | Reached XP level 2. HP: 20/20 MP: 4/6
   343 | D:2      | Reached XP level 3. HP: 26/26 MP: 2/8
   348 | D:2      | Learned a level 2 spell: Scorch
   620 | D:3      | Found a shadowy altar of Dithmenos.
   677 | D:3      | Found a runed translucent gate.
   679 | D:3      | Found a runed translucent gate.
   680 | D:3      | Found a runed translucent gate.
   681 | D:3      | Identified the +1 whip "Ryjaul" {protect, rC+ Will+++ Str-3
                  | SInv}
   684 | D:3      | Noticed ma3's ghost (amateur DgGl)
   693 | D:3      | Reached ** piety under Makhleb
   694 | D:3      | Reached XP level 4. HP: 28/33 MP: 6/10
   729 | D:3      | Killed ma3's ghost
   730 | D:3      | Reached XP level 5. HP: 30/38 MP: 0/12
   820 | D:3      | Reached skill level 5 in Fire Magic
  1046 | D:4      | Reached XP level 6. HP: 45/45 MP: 11/13
  1128 | D:4      | Noticed an ogre
  1133 | D:4      | Killed an ogre
  1137 | D:4      | Noticed Pikel
  1138 | D:4      | Reached skill level 5 in Spellcasting
  1160 | D:4      | HP: 1/37 [orc/+2 flail of draining (5)]
  1164 | D:4      | Slain by Pikel

Illustrated notes

Levels and vault maps discovered:
D:1:      minmay_arrival_shoal_huts, layout_loops_corners,
          shapermc_ecumenical_altar_rom_forum, minmay_curled_crystal
D:2:      layout_rooms, minmay_misc_feat_plants
D:3:      layout_basic, nicolae_dithmenos_shadow_blocks,
          biasface_ghost_orc_armoury
D:4:      layout_basic, zin_treasury, minmay_overflow_temple_hex, uniq_pikel,
          uniq_natasha

Skill      XL: |  1  2  3  4  5  6 |
---------------+-------------------+-----
Spellcasting   | 3 4 5 |  5.0
Conjurations   | 2 3 4 |  4.2
Fire Magic     | 4 5 |  5.5
Dodging        | |  2.4
Stealth        | |  1.4

Action                     |  1- 3 |  4- 6 || total
---------------------------+-------+-------++-------
  Melee: Whip              |       |     1 ||     1
   Cast: Foxfire           |    14 |       ||    14
         Scorch            |    12 |    44 ||    56
    Use: Scroll            |       |     3 ||     3
         Potion            |       |     3 ||     3
 Armour: Robe              |     5 |     6 ||    11
  Dodge: Dodged            |    12 |    15 ||    27

Table legend: (Time is in decaauts)
 A = Elapsed time spent in this place.
 B = Non-inter-level travel time spent in this place.
 C = Inter-level travel time spent in this place.
 D = Time resting spent in this place.
 E = Time spent auto-exploring this place.
 F = Levels seen in this place.
 G = Mean time per level.
                   A        B        C        D        E       F      G
               +--------+--------+--------+--------+--------+-----+--------+
         Total |   1162 |   1057 |    105 |      0 |      4 |   4 |  290.5 |
       Dungeon |   1162 |   1057 |    105 |      0 |      4 |   4 |  290.5 |
               +--------+--------+--------+--------+--------+-----+--------+

Top non-repeatable levels by time:
     D:3: 491 daAuts
     D:1: 296 daAuts
     D:2: 247 daAuts
     D:4: 127 daAuts
